cohdb
Replays
Latest Replays
All Replays
Popular Replays
Top Player Replays
Match Explorer
How It Works
Community
CoH3 Stats
Reddit
Sign in to upload your games and track your stats! →
Sign in with Steam
Match 41618208
Unlisted
Match 41618208
Overview
Messages
Build Orders
End
Engineer Squad
Selects Special Operations Battlegroup
Selects M29 Weasel Recon Vehicle
M29 Weasel Recon Vehicle
Construct Weapon Support Center
M1919 Machine Gun Team
Bazooka Squad
Infantry Support Center
M3 Armored Personnel Carrier
Construct Medical Station
Bazooka Squad
Selects Raiding Flares
Selects SSF Commando Squad
SSF Commando Squad
Construct Tank Depot
M4A1 Sherman Medium Tank
SSF Commando Squad
Selects Mark Vehicle
Selects UNKNOWN (2162291)
M4A1 Sherman Whizbang
Munitions Surplus
Selects Air Re-supply Operation
M4A1 Sherman Whizbang
Advanced Logistics
Mark Vehicle
Improved M9 Bazooka Rockets
Demolitions Package
Mark Vehicle
M3 Armored Personnel Carrier
TwistedTootsy
Stormless
Grunka Lunka
rmsi
Prime
raven182
0
0
Comments
sign in to comment!
No comments posted yet!